 Dungeon Crawl Stone Soup version 0.29.1-2-gbd0b4ee654 (webtiles) character file.

Game seed: 14047348325871317230

436 GigaChad the Ruffian (level 6, -12/61 HPs)
             Began as a Troll Fighter on Nov 22, 2022.
             Was a Believer of Sif Muna.
             Mangled by an orc warrior
             ... wielding a +0 long sword
              (18 damage)
             ... on level 4 of the Dungeon.
             The game lasted 00:05:20 (2452 turns).

GigaChad the Ruffian (Troll Fighter)                Turns: 2452, Time: 00:05:20

Health: -12/61     AC:  4    Str: 33    XL:     6   Next: 69%
Magic:  14/14      EV:  9    Int:  4    God:    Sif Muna [**....]
Gold:   143        SH:  7    Dex:  9    Spells: 5/5 levels left

rFire   . . .      SeeInvis .   u - +12 dagger of the Neverending Curses {speed, *Noise rElec rN+++ MP+9}
rCold   . . .      Faith    .   b - +0 kite shield
rNeg    + + +      Spirit   .   a - +0 robe
rPois   .          Reflect  .   (helmet restricted)
rElec   +          Harm     .   (no cloak)
rCorr   .          Rampage  .   (gloves unavailable)
Will    .....                   (boots unavailable)
Stlth   +.........              (no amulet)
HPRegen 1.00/turn               k - +6 ring of strength
MPRegen 0.14/turn               (no ring)

@: no status effects
A: large, unfitting armour, claws 3, regeneration 1, shaggy fur 1, tough skin 1
a: Renounce Religion, Channel Magic


You were on level 4 of the Dungeon.
You worshipped Sif Muna.
Sif Muna was pleased with you.
You visited 1 branch of the dungeon, and saw 4 of its levels.

You collected 143 gold pieces.

Inventory:

Hand Weapons
 l - a +0 mace of holy wrath
 m - a +0 scythe
 u - the +12 dagger of the Neverending Curses (weapon) {speed, *Noise rElec rN+++ MP+9}
   (You found it on level 3 of the Dungeon)

   Attacks with this weapon are significantly faster.
   rElec:     It insulates you from electricity.
   rN:        It renders you almost immune to negative energy.
   MP:        It affects your magic capacity (+9).
   *Noise:    It may make noises in combat.
 x - a +0 great sword
Armour
 a - a +0 robe (worn)
 b - a +0 kite shield (worn)
 d - a +0 chain mail
Jewellery
 h - a ring of poison resistance
 k - a +6 ring of strength (left claw)
 r - a +6 ring of dexterity
Wands
 z - a wand of acid (10)
 C - a wand of flame (10)
Scrolls
 e - 5 scrolls of identify {unknown}
 f - a scroll of acquirement {unknown}
 g - a scroll of noise {unknown}
 i - a scroll of enchant weapon {unknown}
 j - a scroll of vulnerability {unknown}
 n - 2 scrolls of teleportation {unknown}
 o - a scroll of fear {unknown}
 q - 2 scrolls of amnesia {unknown}
 t - a scroll of fog {unknown}
 y - a scroll of blinking {unknown}
 A - a scroll of magic mapping {unknown}
Potions
 c - 2 potions of might
 p - 2 potions of attraction {unknown}
 s - a potion of heal wounds {unknown}
 v - 2 potions of flight {unknown}
 w - a potion of lignification {unknown}
 B - a potion of haste


   Skills:
 * Level 3.2 Fighting
 * Level 3.5 Dodging
 * Level 1.3 Stealth
 - Level 2.7 Shields
 * Level 5.1 Unarmed Combat
 * Level 0.3 Spellcasting


You had 5 spell levels left.
You didn't know any spells.
Your spell library contained the following spells:

 Spells                   Type           Power      Damage    Failure   Level
 Scorch                   Fire           0%         2d5       90%         2
 Flame Wave               Conj/Fire      0%         2d4       100%        4
 Summon Cactus Giant      Summ           0%         N/A       100%        6


Dungeon Overview and Level Annotations

Branches:
Dungeon (4/15)
 Temple: D:4-7

Altars:
Sif Muna
Xom
The Shining One

Annotations:
D:3 2 transporters, Groverdextrious's ghost, amateur DsFi


Innate Abilities, Weirdness & Mutations

You are too large for most types of armour.
You have claws for hands.
Your natural rate of healing is unusually fast.
You are covered in fur. (AC +1)
You have tough skin. (AC +1)


Message History

You block the orc warrior's attack.
The orc warrior attacks as you move away!
You block the orc warrior's attack.
You hit the orc warrior but do no damage.
You puncture the orc warrior!
The orc warrior is moderately wounded.
You block the orc warrior's attack.
You hit the orc warrior.
The orc warrior is heavily wounded.
The orc priest hits you with a +0 club. You block the orc warrior's attack.
You hit the orc priest.
The orc priest is moderately wounded.
The orc priest calls down the wrath of Beogh upon you.
You are unaffected.
The orc warrior closely misses you.
Unknown command.
The orc priest calls down the wrath of Beogh upon you.
You barely resist. The orc warrior barely misses you.
You hit the orc warrior.
The orc warrior is severely wounded.
The orc priest mumbles some strange prayers to Beogh against you.
Beogh smites you!
The orc warrior hits you with a +0 long sword!
You closely miss the orc warrior.
The orc warrior is severely wounded.
The orc warrior hits you with a +0 long sword.
* * * LOW HITPOINT WARNING * * *
You puncture the orc warrior!
The orc warrior is almost dead.
You barely miss the orc warrior.
The orc warrior is almost dead.
The orc priest hits you with a +0 club.
* * * LOW HITPOINT WARNING * * *
The orc warrior hits you with a +0 long sword!
* * * LOW HITPOINT WARNING * * *
You hit the orc warrior but do no damage.
The orc warrior is almost dead.
The orc priest hits you with a +0 club.
* * * LOW HITPOINT WARNING * * *
The orc warrior hits you with a +0 long sword!!
You die...

#....#....#.#
#.....##.#
#........+
#####..###
#######.###
#.........##+#
#.....).#.)..#
#...?...###o.#
#.......'.o@.#
#.......####..#
#......o# ##..#
#.......# #.#
###'#.### ..+
###


You could see an orc warrior and an orc priest.

Vanquished Creatures
  Sigmund (D:2)
  4 crimson imps (D:3)
  Robin (D:2)
  3 adders
  A worm (D:2)
  2 dart slugs
  9 orcs
  6 endoplasms
  A giant cockroach (D:1)
  14 goblins
  3 hobgoblins
  8 jackals (D:3)
  2 quokkas
  3 ball pythons
  6 bats
  2 frilled lizards (D:2)
  4 kobolds
  2 rats (D:3)
72 creatures vanquished.

Vanquished Creatures (others)
  6 plants (D:3)
6 creatures vanquished.

Grand Total: 78 creatures vanquished

Notes
Turn   | Place    | Note
-------+----------+-------------------------------------------
     0 | D:1      | GigaChad the Troll Fighter began the quest for the Orb.
     0 | D:1      | Reached XP level 1. HP: 22/22 MP: 0/0
   257 | D:1      | Reached XP level 2. HP: 29/29 MP: 1/1
   390 | D:1      | Found a faded altar of an unknown god.
   426 | D:1      | Prayed at the altar of an unknown god.
   426 | D:1      | Became a worshipper of Sif Muna the Loreminder
   426 | D:1      | Reached * piety under Sif Muna
   764 | D:2      | Reached XP level 3. HP: 36/36 MP: 2/2
   800 | D:2      | Noticed Sigmund
   818 | D:2      | Killed Sigmund
   819 | D:2      | Reached skill level 1 in Stealth
   819 | D:2      | Reached skill level 4 in Unarmed Combat
   819 | D:2      | Reached XP level 4. HP: 36/44 MP: 3/3
   819 | D:2      | Reached XP level 5. HP: 43/52 MP: 4/4
   873 | D:2      | Noticed Robin
   902 | D:2      | Killed Robin
   911 | D:2      | Reached ** piety under Sif Muna
   951 | D:2      | Found a shimmering altar of Xom.
  1530 | D:3      | Identified the +12 dagger of the Neverending Curses {speed,
                  | *Noise rElec rN+++ MP+9}
  1772 | D:3      | Found a transporter.
  1774 | D:3      | Found a transporter.
  1934 | D:3      | Reached XP level 6. HP: 61/61 MP: 5/5
  1944 | D:3      | Noticed Groverdextrious's ghost (amateur DsFi)
  1968 | D:3      | Identified the +8 halberd of Imminent Death {vamp, rPois
                  | rN+++ Str-5}
  2052 | D:3      | Found a glowing golden altar of the Shining One.
  2258 | D:3      | Found a shimmering altar of Xom.
  2278 | D:3      | Reached skill level 5 in Unarmed Combat
  2427 | D:4      | Noticed an orc warrior
  2452 | D:4      | Mangled by an orc warrior

Illustrated notes

Levels and vault maps discovered:
D:1:      psy_arrival_fountain, layout_loops_cross,
          dreamdust_ecumenical_altar_statues, minmay_tromino_v7
D:2:      layout_rooms, basic_altar, bh_walls_and_bars, uniq_robin, uniq_sigmund
D:3:      layout_basic, led_xom_imps, mainiacjoe_overflow_24_doors,
          gammafunk_ghost_gnarly_gnolls, grunt_ministairs_11
D:4:      layout_basic, mainiacjoe_overflow_six_doors_small,
          cheibrodos_ashenzari_chains, minmay_temple_entry_trees

Skill      XL: |  1  2  3  4  5  6 |
---------------+-------------------+-----
Dodging        | 3 |  3.5
Stealth        | 1 |  1.3
Unarmed Combat | 4 5 |  5.1
Fighting       | 3 |  3.2
Shields        | |  2.7
Spellcasting   | |  0.3

Action                   |  1- 3 |  4- 6 || total
-------------------------+-------+-------++-------
Melee: Unarmed           |    85 |    59 ||   144
       Dagger            |       |    69 ||    69
Armor: Robe              |    28 |    53 ||    81
Dodge: Dodged            |    23 |    45 ||    68
Block: Kite shield       |    31 |    58 ||    89
